 Dungeon Sprint DCSS version 0.27-a0-216-g1fbed8a51c (webtiles) character file.

Game seed: 5778747864098836756

59 mhtbhm the Covert (level 3, -8/19 HPs)
             Began as a Spriggan Brigand on Jan 31, 2021.
             Killed by divine providence
             ... invoked by an oklob sapling priest
              (16 damage)
             ... in the Dungeon (Sprint IV: "Fedhas' Mad Dash").
             The game lasted 00:00:33 (271 turns).

mhtbhm the Covert (Spriggan Brigand)                 Turns: 271, Time: 00:00:33

Health: -8/19      AC:  3    Str:  7    XL:     3   Next: 78%
Magic:  3/4        EV: 17    Int: 12    God:
Gold:   32         SH:  0    Dex: 18    Spells: 2/2 levels left

rFire    . . .     SeeInvis +   a - +2 dagger
rCold    . . .     Faith    .   (shield restricted)
rNeg     . . .     Spirit   .   b - +0 robe
rPois    .         Reflect  .   (helmet restricted)
rElec    .         Harm     .   c - +0 cloak
rCorr    .         Rampage  .   (gloves unavailable)
Will     .....     NoTele   +   (boots unavailable)
Stlth    +++++.....             l - amulet of invisibility {+Inv}
HPRegen  0.06/turn              (no ring)
MPRegen  0.09/turn              (no ring)

@: very slightly contaminated, invisible (expiring), very quick
A: very small, unfitting armour, see invisible, speed 3
a: Evoke Invisibility


You were in the Dungeon.
You visited 1 branch You collected 32 gold pieces.

Inventory:

Hand Weapons
 a - a +2 dagger (weapon)
Missiles
 d - 8 poisoned darts
 e - a curare-tipped dart (quivered)
Armour
 b - a +0 robe (worn)
 c - a +0 cloak (worn)
Jewellery
 l - the amulet of invisibility (around neck) {+Inv}
   (You found it in the Dungeon)

   [amulet of nothing]

   It lets you turn invisible.
Scrolls
 k - a scroll of blinking
Potions
 f - a potion of curing
 g - 2 potions of heal wounds
 h - a potion of haste
 i - 2 potions of magic
 j - a potion of berserk rage


   Skills:
 + Level 2.3 Fighting
 + Level 3.2 Short Blades
 + Level 3.1 Throwing
 + Level 2.1 Dodging
 + Level 11.1 Stealth


You had 2 spell levels left.
You didn't know any spells.
Your spell library was empty.

Dungeon Overview and Level Annotations

Branches:
Dungeon (1/1)

Altars:
Cheibriados
Dithmenos
Elyvilon
Gozag
Hepliaklqana
Kikubaaqudgha
Makhleb
Nemelex Xobeh
Okawaru
Qazlal
Ru
Sif Muna
Trog
Uskayaw
Vehumet
Wu Jian
Xom
Yredelemnul
Zin
The Shining One
Beogh
Jiyva
Lugonu

Annotations:
D exclusion: oklob sapling


Innate Abilities, Weirdness & Mutations

You are very small and have problems with some larger weapons.
You are too small for most types of armour.
You have supernaturally acute eyesight. (SInv)
You cover ground extremely quickly.


Message History

The oklob sapling priest is lightly damaged.
The oklob sapling priest mumbles some strange prayers to its god against you.
Something smites you!
Ouch! That really hurt!
You hit the oklob sapling priest but do no damage.
The oklob sapling priest is lightly damaged.
You flicker for a moment.
You hit the oklob sapling priest.
The oklob sapling priest is moderately damaged.
You hit the oklob sapling priest but do no damage.
The oklob sapling priest is moderately damaged.
The oklob sapling priest begins to cast a cantrip, but forgets the words!
You hit the oklob sapling priest but do no damage.
The oklob sapling priest is moderately damaged.
You hit the oklob sapling priest but do no damage.
The oklob sapling priest is moderately damaged.
The oklob sapling priest mumbles some strange prayers to its god against you.
Something smites you!
Ouch! That really hurt!
You die...

########################
....#.....#.⌠._._._._.⌠.
÷...'.#.).'.._._@_._._..
....#.#...#..._._P_._...
########+##.._._._._._..
#._._._._._.⌠.
##############


You could see an oklob sapling priest.

Vanquished Creatures
  An oklob sapling (D)
  A worker ant (D)
  A river rat (D)
  A rat (D)
4 creatures vanquished.

Vanquished Creatures (others)
  A fungus (D)
1 creature vanquished.

Grand Total: 5 creatures vanquished

Notes
Turn   | Place    | Note
-------+----------+-------------------------------------------
     0 | D        | mhtbhm the Spriggan Brigand began the quest for the Orb.
     0 | D        | Reached XP level 1. HP: 10/10 MP: 2/2
    13 | D        | Reached skill level 8 in Stealth
    13 | D        | Reached XP level 2. HP: 9/15 MP: 3/3
   228 | D        | Noticed an oklob sapling
   229 | D        | Killed an oklob sapling
   230 | D        | Reached skill level 10 in Stealth
   230 | D        | Reached XP level 3. HP: 18/18 MP: 4/4
   233 | D        | Found the amulet of invisibility {+Inv}
   235 | D        | Reached skill level 11 in Stealth
   255 | D        | Found an opulent altar of Gozag.
   255 | D        | Found a hazy altar of Hepliaklqana.
   255 | D        | Found a burning altar of Makhleb.
   255 | D        | Found a roughly hewn altar of Beogh.
   255 | D        | Found a sparkling altar of Nemelex Xobeh.
   255 | D        | Found a snail-covered altar of Cheibriados.
   255 | D        | Found a sacrificial altar of Ru.
   255 | D        | Found a shimmering blue altar of Sif Muna.
   255 | D        | Found a shimmering altar of Xom.
   255 | D        | Found a basalt altar of Yredelemnul.
   256 | D        | Found a viscous altar of Jiyva.
   256 | D        | Found a bloodstained altar of Trog.
   256 | D        | Found an ornate altar of the Wu Jian Council.
   256 | D        | Noticed an oklob sapling priest
   257 | D        | Found an iron altar of Okawaru.
   257 | D        | Found a shadowy altar of Dithmenos.
   257 | D        | Found a glowing silver altar of Zin.
   258 | D        | Found an ancient bone altar of Kikubaaqudgha.
   258 | D        | Found a hide-covered altar of Uskayaw.
   259 | D        | Found a stormy altar of Qazlal.
   259 | D        | Found a white marble altar of Elyvilon.
   259 | D        | Found a glowing golden altar of the Shining One.
   260 | D        | Found a corrupted altar of Lugonu.
   260 | D        | Found a radiant altar of Vehumet.
   271 | D        | Killed from afar by an oklob sapling priest

Illustrated notes

Levels and vault maps discovered:
D:        dungeon_sprint_fedhas [sprint_temple]

Skill      XL: |  1  2  3 |
---------------+----------+-----
Stealth        | 8 10 11 | 11.1
Fighting       | 2 |  2.3
Dodging        | 2 |  2.1
Short Blades   | 3 |  3.2
Throwing       | 3 |  3.1

Action                   || total
-------------------------++-------
Melee: Dagger            ||    18
Throw: Dart              ||     1
 Abil: Evoke Invisibilit ||     1
 Stab: Sleeping          ||     2
Dodge: Dodged            ||     2

Table legend: (Time is in decaauts)
 A = Elapsed time spent in this place.
 B = Non-inter-level travel time spent in this place.
 C = Inter-level travel time spent in this place.
 D = Time resting spent in this place.
 E = Time spent auto-exploring this place.
 F = Levels seen in this place.
 G = Mean time per level.
                   A        B        C        D        E       F      G
               +--------+--------+--------+--------+--------+-----+--------+
         Total |    256 |    256 |      0 |    206 |      0 |   1 |  256.0 |
       Dungeon |    256 |    256 |      0 |    206 |      0 |   1 |  256.0 |
               +--------+--------+--------+--------+--------+-----+--------+

Top non-repeatable levels by time:
       D: 256 daAuts
